SNL (28 & UNDER)
BLACKIRON DRAGONS @ GAINESVILLE GUIDOS
08/07/2026
 
TOP OF THE 1ST
BlackIron Dragons batting - Pitching for Gainesville Guidos : RHP John Jones
Pitching: RHP John Jones
Batting: RHB José Colón 0-0: Ground out 6-3 (Groundball, 6)
Batting: RHB Boyd Pittman 0-0: Called Strike
0-1: Called Strike
0-2: Strikes out swinging
Batting: RHB Gil Palmer 0-0: Ball
1-0: Fly out, F8 (Flyball, 8LXD)
Top of the 1st over - 0 run(s), 0 hit(s), 0 error(s), 0 left on base; BlackIron 0 - Gainesville 0
BOTTOM OF THE 1ST
Gainesville Guidos batting - Pitching for BlackIron Dragons : RHP Augusto Méndez
Pitching: RHP Augusto Méndez
Batting: RHB Iván Moreno 0-0: Swinging Strike
0-1: Foul Ball, location: 2F
0-2: Foul Ball, location: 2F
0-2: Ball
1-2: Ball
2-2: Foul Ball, location: 2F
2-2: Foul Ball, location: 2F
2-2: Fly out, F9 (Flyball, 89M)
Batting: LHB Eddy Jefferson 0-0: Ball
1-0: Foul Ball, location: 2F
1-1: Ball
2-1: Foul Ball, location: 2F
2-2: Fly out, F9 (Flyball, 89M)
Batting: LHB António Cedeńo 0-0: Ball
1-0: Ball
2-0: Ball
3-0: Called Strike
3-1: Foul Ball, location: 2F
3-2: SINGLE (Line Drive, 89S)
Batting: RHB Kurt Walter 0-0: Called Strike
0-1: Ball
1-1: Fly out, F4 (Popup, 4)
Bottom of the 1st over - 0 run(s), 1 hit(s), 0 error(s), 1 left on base; BlackIron 0 - Gainesville 0
TOP OF THE 2ND
BlackIron Dragons batting - Pitching for Gainesville Guidos : RHP John Jones
Batting: LHB Donnie Cunningham 0-0: Swinging Strike
0-1: Ball
1-1: Ball
2-1: Called Strike
2-2: Ball
3-2: Strikes out swinging
Batting: RHB Preston MacLyan 0-0: Ball
1-0: Called Strike
1-1: Ball
2-1: Called Strike
2-2: Ball
3-2: Base on Balls
Batting: RHB Frank Maxwell 0-0: Foul Ball, location: 2F
0-1: Fly out, F8 (Flyball, 8LXD)
Batting: RHB Mark Arnold 0-0: Ball
Preston MacLyan is caught stealing 2nd base
Top of the 2nd over - 0 run(s), 0 hit(s), 0 error(s), 0 left on base; BlackIron 0 - Gainesville 0
BOTTOM OF THE 2ND
Gainesville Guidos batting - Pitching for BlackIron Dragons : RHP Augusto Méndez
Batting: RHB José Ortega 0-0: Ball
1-0: Ball
2-0: TRIPLE (Line Drive, 9LS)
Batting: RHB John Little 0-0: Ball
1-0: Ground out 1-3 (Groundball, 15)
Batting: RHB Alfredo Díaz 0-0: Foul Ball, location: 2F
0-1: Called Strike
0-2: Ball
1-2: 2-RUN HOME RUN (Flyball, 7D), Distance : 360 ft
Batting: RHB Kyle O'Day 0-0: Ball
1-0: Foul Ball, location: 2F
1-1: Ball
2-1: Ball
3-1: Called Strike
3-2: Base on Balls
Batting: RHB Júlio Galló 0-0: Foul Ball, location: 2F
0-1: Called Strike
0-2: Foul Ball, location: 2F
0-2: Foul Ball, location: 2F
0-2: Ball
1-2: 2-RUN HOME RUN (Flyball, 7D), Distance : 378 ft
Batting: RHB Iván Moreno 0-0: Ball
1-0: Fly out, F9 (Flyball, 89M)
Batting: LHB Eddy Jefferson 0-0: Called Strike
0-1: Ground out 4-3 (Groundball, 4)
Bottom of the 2nd over - 4 run(s), 3 hit(s), 0 error(s), 0 left on base; BlackIron 0 - Gainesville 4
TOP OF THE 3RD
BlackIron Dragons batting - Pitching for Gainesville Guidos : RHP John Jones
Batting: RHB Mark Arnold 0-0: Called Strike
0-1: Foul Ball, location: 2F
0-2: Ball
1-2: Strikes out swinging
Batting: RHB Doug O'Brien 0-0: Called Strike
0-1: Swinging Strike
0-2: Ball
1-2: Foul Ball, location: 2F
1-2: Strikes out swinging
Batting: RHB Eugene Payne 0-0: Called Strike
0-1: Ball
1-1: Foul Ball, location: 2F
1-2: Strikes out looking
Top of the 3rd over - 0 run(s), 0 hit(s), 0 error(s), 0 left on base; BlackIron 0 - Gainesville 4
BOTTOM OF THE 3RD
Gainesville Guidos batting - Pitching for BlackIron Dragons : RHP Augusto Méndez
Batting: LHB António Cedeńo 0-0: Foul Ball, location: 2F
0-1: Swinging Strike
0-2: Strikes out looking
Batting: RHB Kurt Walter 0-0: Called Strike
0-1: Foul Ball, location: 2F
0-2: Ball
1-2: Ball
2-2: SINGLE (Groundball, 6MD)
Batting: RHB José Ortega 0-0: Called Strike
0-1: Called Strike
0-2: Ball
1-2: Strikes out swinging
Batting: RHB John Little 0-0: Foul Ball, location: 2F
0-1: Fly out, F5 (Popup, 25F)
Bottom of the 3rd over - 0 run(s), 1 hit(s), 0 error(s), 1 left on base; BlackIron 0 - Gainesville 4
TOP OF THE 4TH
BlackIron Dragons batting - Pitching for Gainesville Guidos : RHP John Jones
Batting: RHB José Colón 0-0: Called Strike
0-1: Ball
1-1: Foul Ball, location: 2F
1-2: Ground out 5-3 (Groundball, 5)
Batting: RHB Boyd Pittman 0-0: Ball
1-0: Foul Ball, location: 2F
1-1: Called Strike
1-2: Foul Ball, location: 2F
1-2: Fly out, F9 (Flyball, 9M)
Batting: RHB Gil Palmer 0-0: Ball
1-0: Ball
2-0: Foul Ball, location: 2F
2-1: SINGLE (Groundball, 56D)
Batting: LHB Donnie Cunningham 0-0: Ball
Gil Palmer steals 2nd base
1-0: Swinging Strike
1-1: Called Strike
1-2: Strikes out swinging
Top of the 4th over - 0 run(s), 1 hit(s), 0 error(s), 1 left on base; BlackIron 0 - Gainesville 4
BOTTOM OF THE 4TH
Gainesville Guidos batting - Pitching for BlackIron Dragons : RHP Augusto Méndez
Batting: RHB Alfredo Díaz 0-0: Ball
1-0: Called Strike
1-1: Ball
2-1: Swinging Strike
2-2: Ball
3-2: Foul Ball, location: 2F
3-2: DOUBLE (Flyball, 7D)
Pitching: RHP Jayson Simms
Batting: RHB Kyle O'Day 0-0: Ball
1-0: Called Strike
1-1: Called Strike
1-2: Ball
2-2: Foul Ball, location: 2F
2-2: Foul Ball, location: 2F
2-2: Fly out, F8 (Flyball, 8LD)
Runner from 2nd tags up, SAFE at 3rd, no throw
Batting: RHB Júlio Galló 0-0: Called Strike
0-1: Swinging Strike
0-2: Strikes out swinging
Batting: RHB Iván Moreno 0-0: Called Strike
0-1: Ball
1-1: Ball
2-1: Ball
3-1: Called Strike
3-2: SINGLE (Groundball, 56D)
Alfredo Díaz scores
Batting: LHB Eddy Jefferson 0-0: Called Strike
0-1: Ball
1-1: Ball
2-1: Ball
3-1: Base on Balls
Iván Moreno to second
Batting: LHB António Cedeńo 0-0: Called Strike
0-1: Called Strike
0-2: Ball
1-2: Foul Ball, location: 2F
1-2: Ball
2-2: Ground out 2-3 (Groundball, 2R)
Bottom of the 4th over - 1 run(s), 2 hit(s), 0 error(s), 2 left on base; BlackIron 0 - Gainesville 5
TOP OF THE 5TH
BlackIron Dragons batting - Pitching for Gainesville Guidos : RHP John Jones
Batting: RHB Preston MacLyan 0-0: Called Strike
0-1: Ball
1-1: Ball
2-1: Fly out, F4 (Popup, 4D)
Batting: RHB Frank Maxwell 0-0: Ball
1-0: Called Strike
1-1: Swinging Strike
1-2: Strikes out swinging
Batting: RHB Mark Arnold 0-0: Called Strike
0-1: Foul Ball, location: 2F
0-2: Ball
1-2: Ball
2-2: Strikes out swinging
Top of the 5th over - 0 run(s), 0 hit(s), 0 error(s), 0 left on base; BlackIron 0 - Gainesville 5
BOTTOM OF THE 5TH
Gainesville Guidos batting - Pitching for BlackIron Dragons : RHP Jayson Simms
Batting: RHB Kurt Walter 0-0: Fly out, F7 (Flyball, 7LM)
Batting: RHB José Ortega 0-0: Ground out 5-3 (Groundball, 5S)
Batting: RHB John Little 0-0: Ball
1-0: Fly out, F3 (Popup, 3SF)
Bottom of the 5th over - 0 run(s), 0 hit(s), 0 error(s), 0 left on base; BlackIron 0 - Gainesville 5
TOP OF THE 6TH
BlackIron Dragons batting - Pitching for Gainesville Guidos : RHP John Jones
Batting: RHB Doug O'Brien 0-0: Called Strike
0-1: Foul Ball, location: 2F
0-2: DOUBLE (Line Drive, 8LM)
Batting: RHB Eugene Payne 0-0: Called Strike
0-1: Ground out 5-3 (Groundball, 5S)
Doug O'Brien to third
Batting: RHB José Colón 0-0: Ground out 6-3 (Groundball, 6)
Doug O'Brien scores
Batting: RHB Boyd Pittman 0-0: Ground out 4-3 (Groundball, 4)
Top of the 6th over - 1 run(s), 1 hit(s), 0 error(s), 0 left on base; BlackIron 1 - Gainesville 5
BOTTOM OF THE 6TH
Gainesville Guidos batting - Pitching for BlackIron Dragons : RHP Jayson Simms
Batting: RHB Alfredo Díaz 0-0: Ball
1-0: Ball
2-0: Ball
3-0: Called Strike
3-1: Base on Balls
Batting: RHB Kyle O'Day 0-0: Ball
1-0: Called Strike
1-1: Called Strike
1-2: Strikes out swinging
Batting: RHB Júlio Galló 0-0: Called Strike
Alfredo Díaz steals 2nd base
0-1: Swinging Strike
0-2: Foul Ball, location: 2F
0-2: Ball
1-2: Strikes out swinging
Batting: RHB Iván Moreno 0-0: SINGLE (Groundball, 23) (infield hit)
Alfredo Díaz to third
Batting: LHB Eddy Jefferson 0-0: Ball
1-0: Swinging Strike
1-1: Ball
Error on foul ball, E3
2-2: Foul Ball, location: 2F
2-2: Foul Ball, location: 2F
2-2: Foul Ball, location: 2F
2-2: Ball
3-2: Foul Ball, location: 2F
3-2: Foul Ball, location: 2F
3-2: Foul Ball, location: 2F
3-2: Base on Balls
Iván Moreno to second
Batting: LHB António Cedeńo 0-0: Swinging Strike
0-1: Ball
1-1: Ball
2-1: Foul Ball, location: 2F
2-2: Ground out 4-3 (Groundball, 34)
Bottom of the 6th over - 0 run(s), 1 hit(s), 1 error(s), 3 left on base; BlackIron 1 - Gainesville 5
TOP OF THE 7TH
BlackIron Dragons batting - Pitching for Gainesville Guidos : RHP John Jones
Batting: RHB Gil Palmer 0-0: Ball
1-0: Ball
2-0: Fly out, F8 (Flyball, 8RXD)
Batting: LHB Donnie Cunningham 0-0: Called Strike
0-1: Swinging Strike
0-2: Ball
1-2: Strikes out swinging
Batting: RHB Preston MacLyan 0-0: Called Strike
0-1: Ball
1-1: Fly out, F9 (Flyball, 89S)
Top of the 7th over - 0 run(s), 0 hit(s), 0 error(s), 0 left on base; BlackIron 1 - Gainesville 5
BOTTOM OF THE 7TH
Gainesville Guidos batting - Pitching for BlackIron Dragons : RHP Jayson Simms
Pitching: LHP Ben Newman
Batting: RHB Kurt Walter 0-0: Ball
1-0: Ball
2-0: Fly out, F7 (Flyball, 78D)
Batting: RHB José Ortega 0-0: Called Strike
0-1: Ball
1-1: Fly out, F8 (Flyball, 89D)
Batting: RHB John Little 0-0: Swinging Strike
0-1: Fly out, F9 (Flyball, 9M)
Bottom of the 7th over - 0 run(s), 0 hit(s), 0 error(s), 0 left on base; BlackIron 1 - Gainesville 5
TOP OF THE 8TH
BlackIron Dragons batting - Pitching for Gainesville Guidos : RHP John Jones
Pitching: RHP Marlon Ryan
Batting: RHB Frank Maxwell 0-0: Foul Ball, location: 2F
0-1: Foul Ball, location: 2F
0-2: Ball
1-2: Foul Ball, location: 2F
1-2: Strikes out swinging
Batting: RHB Mark Arnold 0-0: Called Strike
0-1: Ground out 5-3 (Groundball, 56)
Batting: RHB Doug O'Brien 0-0: Ground out 6-3 (Groundball, 6)
Top of the 8th over - 0 run(s), 0 hit(s), 0 error(s), 0 left on base; BlackIron 1 - Gainesville 5
BOTTOM OF THE 8TH
Gainesville Guidos batting - Pitching for BlackIron Dragons : LHP Ben Newman
Batting: RHB Alfredo Díaz 0-0: Swinging Strike
0-1: Ball
1-1: Foul Ball, location: 2F
1-2: Ball
2-2: Ground out 4-3 (Groundball, 4M)
Batting: RHB Kyle O'Day 0-0: Ball
1-0: Ball
2-0: Called Strike
2-1: Foul Ball, location: 2F
2-2: DOUBLE (Line Drive, 9LS)
Batting: RHB Júlio Galló 0-0: Ball
1-0: Foul Ball, location: 2F
1-1: Called Strike
1-2: Foul Ball, location: 2F
1-2: SINGLE (Groundball, 6MD)
Kyle O'Day to third
Runner from 3rd tries for Home, SAFE, no throw or cutoff
Batting: RHB Iván Moreno 0-0: SINGLE (Groundball, 34D)
Júlio Galló to second
Runner from 2nd tries for 3rd, SAFE, throw made to third
Batting: LHB Eddy Jefferson 0-0: SINGLE (Groundball, 5D)
Júlio Galló scores
Iván Moreno to second
Batting: LHB António Cedeńo 0-0: Ball
1-0: Ball
2-0: Hit by Pitch
Iván Moreno to third
Eddy Jefferson to second
Pinch Runner at 1st Doug Coleman:
Batting: RHB Kurt Walter 0-0: Called Strike
0-1: Grounds into double play, U6-3 (Groundball, 6)
Bottom of the 8th over - 2 run(s), 4 hit(s), 0 error(s), 2 left on base; BlackIron 1 - Gainesville 7
TOP OF THE 9TH
BlackIron Dragons batting - Pitching for Gainesville Guidos : RHP Marlon Ryan
Now at C: Scott Young
Now at 1B: Doug Coleman
Now in LF: Lynn Ford
Now in CF: Mark McDonald
Batting: RHB Eugene Payne 0-0: Called Strike
0-1: Called Strike
0-2: Foul Ball, location: 2F
0-2: Ball
1-2: Foul Ball, location: 2F
1-2: Strikes out swinging
Batting: RHB José Colón 0-0: Called Strike
0-1: Ball
1-1: Foul Ball, location: 2F
1-2: Foul Ball, location: 2F
1-2: Foul Ball, location: 2F
1-2: Ground out 5-3 (Groundball, 5S)
Batting: RHB Boyd Pittman 0-0: Ground out 6-3 (Groundball, 6)
Top of the 9th over - 0 run(s), 0 hit(s), 0 error(s), 0 left on base; BlackIron 1 - Gainesville 7
Monday, December 5th, 2016 - OOTP Baseball 17.12 Build 75